Map: Ulrena

Players

DarkGoliath

  • Race: Zerg Zerg
  • League: Platinum

LilDicky - Winner!

  • Race: Terran Terran
  • League: Diamond

VOD

http://www.twitch.tv/tumescentpie

Description

Time

  • Played on: Dec. 12, 2015, 9:46 p.m.
  • Length: 6:07
Show
View Real Time Build Order
Export as new Build Order

DarkGoliath Zerg 

Build Orders: Hatch First 

Get SALT Encoding   

  12  0:01  Drone  
  13  0:12  Overlord  
  13  0:17  Drone  
  14  0:25  Extractor  
  14  0:26  Drone  
  14  0:31  Drone  
  14  0:34  Drone  
  16  0:58  Hatchery  
  16  1:00  Drone  
  16  1:03  Drone  
  17  1:22  Spawning Pool  
  17  1:24  Drone  
  17  1:28  Drone  
  17  1:31  Drone  
  19  1:43  Drone  
  20  1:57  Drone  
  21  2:05  Overlord  
  21  2:09  Queen  
  21  2:10  Queen  
  21  2:14  Metabolic Boost  
  25  2:21  Drone  
  25  2:22  Drone  
  27  2:25  Zergling x2  
  28  2:36  Zergling x6  
  31  2:46  Zergling x4  
  33  2:54  Drone  
  34  3:00  Baneling Nest  
  34  3:01  Zergling x2  
  34  3:23  Zergling x2  
  34  3:24  Overlord x2, Zergling x2  
  34  3:26  Overlord  
  36  3:33  Spore Crawler  
  34  3:36  Spine Crawler  
  33  3:43  Zergling x2  
  33  3:44  Zergling x10  
  39  3:58  Zergling x4  
  39  4:00  Lair  
  33  4:15  Zergling x6  
  36  4:30  Spore Crawler  
  35  4:38  Spine Crawler  
  31  4:39  Baneling x5  
  31  4:40  Baneling x2  
  29  4:52  Zergling x4  
  15  5:18  Zergling x4  
Show
View Real Time Build Order
Export as new Build Order

LilDicky Terran - Winner!

Build Orders: MMM Bio 

Get SALT Encoding   

  12  0:01  SCV  
  13  0:13  SCV  
  14  0:17  Supply Depot  
  14  0:32  SCV  
  15  0:35  Refinery  
  15  0:42  Barracks  
  15  0:46  SCV  
  16  0:58  SCV  
  17  1:10  SCV  
  18  1:31  Marine  
  18  1:32  Supply Depot  
  20  1:33  Orbital Command  
  20  1:38  Factory  
  19  1:52  Marine  
  20  1:58  SCV  
  21  2:03  Barracks  
  21  2:08  Barracks  
  21  2:16  Barracks Reactor  
  21  2:29  SCV  
  22  2:34  Refinery  
  22  2:35  Supply Depot  
  22  2:41  SCV  
  23  2:53  SCV  
  23  2:54  Widow Mine  
  23  2:58  Barracks Tech Lab x2, Marine x2  
  26  3:03  Supply Depot  
  27  3:06  SCV  
  28  3:17  Marine x2  
  28  3:18  SCV, Stimpack  
  31  3:22  Combat Shields  
  31  3:32  Widow Mine  
  33  3:37  Marine x2  
  35  3:42  Starport  
  35  3:45  SCV  
  35  3:47  Marine  
  39  4:10  Marauder x2, Marine x2  
  39  4:12  SCV  
  44  4:21  Medivac  
  46  4:25  SCV  
  46  4:27  Supply Depot  
  47  4:48  Marine  
  47  4:49  Marauder x2  
  52  4:58  Marine  
  52  4:59  SCV  
  54  5:06  Marine  
  54  5:11  SCV, Marauder  
  53  5:14  Marauder  
  53  5:18  Marine  
  48  5:24  Marine  
  49  5:30  SCV  
  49  5:32  Marine  
  49  5:35  Marine  
  52  5:37  Command Center  
Tags
 
Add a new tag
Caveats
  • Supply blocks, unpowered buildings, or Contaminate may cause inaccurate times.
  • Supply counts are checked every 10 seconds.